Nig, lawful male human Monk ---- - ------ |..| |.....- ----- --..---- - . - -.....--.|.-- ---......----------- . - --.........--------- |..................| - |........%.....--..---.^......G----- . . - ..|.........).......|..........*`|`. G - . . . | . . --..........%...%...---.......`@| . . |. ---.................|---..------- -- - . |...........(....-- ---- -. . . --...-.....|....-- - . .. - - --..<..(..|.---- - . . |..........[......| . --.. ---.........-- - . - . - -.|.......- - . - .- . . ..|--....... . - . . . - .. - - - ----- --........ - . . -- - . |...---..| .. - . | |...| --- . - - - ----- - - Nig the Initiate Experience level: 6 Strength: 18 Dexterity: 15 Constitution: 13 Intelligence: 10 Wisdom: 11 Charisma: 10 Health: 0(37) Energy: 33(33) Def: 7 Gold: 177 Moves: 2487 Dungeon seed: jrv4F92Y0r_rl0wu Game ID: Nig_1554819665 Your Inventory: Coins $ - 177 gold pieces Amulets l - an uncursed amulet of ESP (being worn) x - a cursed amulet of restful sleep Weapons k - the +0 Orcrist Armor e - an uncursed burnt +2 pair of leather gloves (being worn) n - a blessed +3 robe (being worn) Comestibles d - 2 uncursed food rations f - 6 uncursed apples g - 5 uncursed oranges h - 3 uncursed fortune cookies Potions c - 2 uncursed potions of healing t - an uncursed potion of gain ability Tools i - a magic marker (0:92) j - an uncursed tin opener w - an uncursed oil lamp (0:1472) Spells and supernatural/magical abilities: Name Level Category Fail Memory h - healing 1 healing 0% 88% W - pray for help -- divine ? -- Your skills at the end: Fighting Skills martial arts [Basic] Weapon Skills Spellcasting Skills healing spells [Basic] Final Attributes: You were piously aligned. You were sleep resistant. You were poison resistant. You saw invisible. You were telepathic. You were stealthy. You were fast. You are dead. Vanquished creatures: a bugbear 4 gnome lords 2 gnomish wizards a dwarf an acid blob a gas spore a hobbit 3 large kobolds 3 yellow molds a red mold 27 gnomes 3 jackals 4 kobolds 3 goblins 2 sewer rats 4 grid bugs 4 lichens a kobold zombie 66 creatures vanquished. Voluntary challenges: You followed a strict vegan diet. You had been an atheist until turn 2380. You never hit with a wielded weapon. You read items or engraved 4 times, starting on turn 101. You never genocided any monsters. You never polymorphed an object. You never changed form. You used no wishes. You never split a pudding. You never wrote Elbereth's name. You violated your moral code, losing 19 points of alignment, starting on turn 870. Dungeon overview: The Dungeons of Doom: levels 1 to 3 Level 1 a sink a long staircase Level 2 Level 3 a wand shop stairs to The Gnomish Mines The Gnomish Mines: levels 4 to 8 Level 4 stairs to The Dungeons of Doom Level 5 Level 6 Level 7 some shops, a temple to Shan Lai Ching, some fountains Level 8 <- You were here History has recorded: On T:1 you entered the Dungeons of Doom to retrieve the Amulet of Yendor! On T:311 you reached level 2 of The Dungeons of Doom. On T:692 you advanced to experience level 2. On T:870 you advanced to experience level 3. On T:1480 you advanced to experience level 4. On T:1619 you reached level 3 of The Dungeons of Doom. On T:1919 you reached level 1 of The Gnomish Mines. On T:2036 you advanced to experience level 5. On T:2164 you reached level 2 of The Gnomish Mines. On T:2226 you reached level 3 of The Gnomish Mines. On T:2290 you reached level 4 of The Gnomish Mines. On T:2328 you advanced to experience level 6. On T:2431 you reached level 5 of The Gnomish Mines. Score breakdown: Gold: 177 ( 7655 points) Experience: 6 levels (12456 points) Exploration: 8 levels ( 16.33%) (11456 points) Discoveries: 5 items ( 1.79%) ( 4008 points) Valuables value: (no points given unless you survive) Artifact value: 2000 (11229 points) Variety of kills: 18 monsters ( 4.72%) ( 6520 points) Turncount: 2487 turns ( -322 points) Survival: died (score multiplied by 80%) Total score: 42401 Latest messages: There are a few objects here. You kill the gnome! You see here a gnome corpse. An arrow shoots out at you! You are hit by an arrow. The gnome hits! You feel more confident in your fighting skills. You kill the gnome! The gnome hits! You kill the gnome! You hit the gnome. The gnome misses. You kill the gnome! There are a few objects here. You hit the gnome lord! (2x) The gnome lord wields a runed broadsword! You kill the gnome lord! There are a few objects here. As you read the scroll, it disappears. The ceiling rumbles above you! You are hit by a boulder! You die... Final status: Goodbye Nig the Monk, killed by a scroll of earth... You died in The Gnomish Mines on dungeon level 8 with 42401 points, and 177 pieces of gold, after 2487 moves. You were level 6 with a maximum of 37 hit points when you died.